 Dungeon Crawl Stone Soup version 0.21.1-1-g345015f (webtiles) character file.

3012 grindst0ne the Fighter (level 9, 0/98 HPs)
             Began as an Ogre Hunter on Feb 26, 2018.
             Was an Initiate of Okawaru.
             Slain by a two-headed ogre
             ... wielding a +0 dire flail
              (21 damage)
             ... on level 8 of the Dungeon.
             The game lasted 00:11:53 (7412 turns).

grindst0ne the Fighter (Ogre Hunter)                Turns: 7412, Time: 00:11:54

Health: 0/98       AC:  6    Str: 18    XL:     9   Next: 85%
Magic:  9/9        EV: 10    Int: 12    God:    Okawaru [......]
Gold:   429        SH:  0    Dex: 12    Spells: 0/8 levels left

rFire    . . .     SeeInvis .   y - +1 mace (protect)
rCold    . . .     Gourm    .   (no shield)
rNeg     . . .     Faith    .   b - +0 robe
rPois    +         Spirit   .   u - +2 hat
rElec    .         Reflect  .   x - +0 cloak
rCorr    .         Harm     .   (gloves unavailable)
MR       .....                  (boots unavailable)
Stlth    +.........             (no amulet)
HPRegen  0.26/turn              w - ring of wizardry
MPRegen  0.11/turn              F - ring of poison resistance (curse)

@: about to teleport
A: large, unfitting armour, tough skin 1
a: Renounce Religion


You were on level 8 of the Dungeon.
You worshipped Okawaru.
Okawaru was noncommittal.
You were very hungry.

You visited 2 branches of the dungeon, and saw 9 of its levels.

You collected 429 gold pieces.

Inventory:

Hand Weapons
 l - a +4 mace
 y - a +1 mace of protection (weapon)
 C - a +0 giant club
Missiles
 c - 3 large rocks (quivered)
 p - 2 tomahawks
Armour
 b - a +0 robe (worn)
 u - a +2 hat (worn)
 x - a +0 cloak (worn)
Jewellery
 r - an uncursed ring of ice
 w - a ring of wizardry (left hand)
 F - a cursed ring of poison resistance (right hand)
 G - a +5 ring of intelligence {unknown}
Scrolls
 a - a scroll of identify
 e - a scroll of magic mapping
 i - a scroll of teleportation
 j - a scroll of immolation {unknown}
 k - 2 scrolls of fog
 m - 2 scrolls of fear {unknown}
 q - 2 scrolls of remove curse {unknown}
 z - a scroll of acquirement {unknown}
Potions
 g - 2 potions of resistance
 n - a potion of flight
 s - a potion of curing
 t - 2 potions of might
 v - a potion of magic
 B - 2 potions of brilliance
Books
 d - a book of Callings

   Spells                             Type                      Level
   a - Summon Small Mammal            Summoning                    1
   b - Call Imp                       Summoning                    2
   c - Call Canine Familiar           Summoning                    3
   d - Summon Guardian Golem          Hexes/Summoning              3
   e - Summon Lightning Spire         Summoning/Air                4
   f - Summon Ice Beast               Ice/Summoning                4
 A - a book of Misfortune

   Spells                             Type                      Level
   a - Confusing Touch                Hexes                        1
   b - Confuse                        Hexes                        3
   c - Gell's Gravitas                Translocation                3
   d - Petrify                        Transmutation/Earth          4
   e - Metabolic Englaciation         Hexes/Ice                    5
   f - Yara's Violent Unravelling     Hexes/Transmutation          5
 D - a book of Changes

   Spells                             Type                      Level
   a - Beastly Appendage              Transmutation                1
   b - Sticks to Snakes               Transmutation                2
   c - Spider Form                    Transmutation/Poison         3
   d - Ice Form                       Ice/Transmutation            4
   e - Blade Hands                    Transmutation                5
Comestibles
 f - 19 rations


   Skills:
 + Level 9.3 Fighting
 * Level 8.4 Maces & Flails
 - Level 7.3 Throwing
 - Level 1.7 Dodging
 - Level 0.6 Stealth
 + Level 2.4 Summonings


You couldn't memorise any spells.
You knew the following spells:

 Your Spells              Type           Power        Failure   Level  Hunger
a - Summon Ice Beast      Ice/Summ       #.......     58%         4    #####..
b - Summon Lightning Spi  Summ/Air       #.......     58%         4    #####..


Dungeon Overview and Level Annotations

Branches:
Dungeon (8/15)             Temple (1/1) D:7
   Lair: D:8-11

Altars:
Ashenzari
Cheibriados
Dithmenos
Elyvilon
Fedhas
Gozag
Hepliaklqana
Kikubaaqudgha
Makhleb
Nemelex Xobeh
Okawaru
Qazlal
Ru
Trog
Uskayaw
Vehumet
Wu Jian
Xom
Yredelemnul
Zin
The Shining One


Innate Abilities, Weirdness & Mutations

You are too large for most types of armour.
You have tough skin. (AC +1)


Message History

The two-headed ogre closely misses you. The two-headed ogre barely misses you.
Things that are here:
a large rock; an electric eel corpse
c - 3 large rocks (gained 1)
The sky beast hits you. The sky beast shocks you.
The two-headed ogre hits you with a dire flail!
The two-headed ogre hits you with a giant spiked club!!
* * * LOW HITPOINT WARNING * * *
Found a dire flail.
Okay, then.
Okay, then.
You feel much better. The two-headed ogre barely misses you.
The two-headed ogre hits you with a giant spiked club.
The sky beast hits you but does no damage.
As you read the scroll of teleportation, it crumbles to dust.
You feel strangely unstable. The sky beast hits you. The sky beast shocks you.
The two-headed ogre hits you with a dire flail!!
* * * LOW HITPOINT WARNING * * *
The two-headed ogre hits you with a giant spiked club!!
You die...

#.. #.. #.# #.#
################ #.#
#....$.O@..(.).#
#.###.≈≈≈≈≈Y≈≈≈≈≈≈.#
####...#.≈†≈†≈≈≈≈≈≈≈≈.#
#......'.≈≈≈≈≈≈≈≈≈≈≈≈.+
#.####.#.≈≈≈≈≈≈≈≈≈≈≈≈.#
#.# #.#..............#
##.####.################
.....##.# ##O#.##.#


You could see a two-headed ogre and a sky beast.

Vanquished Creatures
  A two-headed ogre (D:5)
  Grinder (D:3)
  A hippogriff (D:6)
  A spriggan (D:7)
  An ogre (D:8)
  A sky beast (D:6)
  A phantom (D:7)
  5 centaurs
  A bullfrog (D:7)
  4 scorpions
  2 electric eels (D:8)
  5 crimson imps
  A bullfrog zombie (D:5)
  5 jellies
  2 centaur skeletons
  2 hounds
  2 orc priests
  A bullfrog skeleton (D:7)
  2 orc wizards
  An iguana (D:4)
  A worker ant (D:6)
  A killer bee zombie (D:7)
  A hound skeleton (D:7)
  9 adders
  2 worms (D:3)
  A dart slug (D:2)
  2 leopard geckos (D:5)
  10 orcs
  3 giant cockroaches
  9 goblins
  3 hobgoblins
  7 jackals
  5 kobolds
  5 bats
  5 frilled lizards
  A leopard gecko skeleton (D:5)
  A quokka zombie (D:5)
  13 rats
119 creatures vanquished.

Notes
Turn   | Place    | Note
-------+----------+-------------------------------------------
     0 | D:1      | grindst0ne the Ogre Hunter began the quest for the Orb.
     0 | D:1      | Reached XP level 1. HP: 22/22 MP: 1/1
    85 | D:1      | Reached skill level 3 in Fighting
   124 | D:1      | Reached XP level 2. HP: 17/31 MP: 2/2
   581 | D:2      | Reached XP level 3. HP: 37/39 MP: 3/3
  1062 | D:2      | Reached skill level 1 in Maces & Flails
  1141 | D:2      | Reached skill level 4 in Fighting
  1345 | D:3      | Reached XP level 4. HP: 27/48 MP: 4/4
  1700 | D:3      | Noticed Grinder
  1703 | D:3      | Paralysed by Grinder for 3 turns
  1706 | D:3      | Killed Grinder
  1706 | D:3      | Reached skill level 5 in Fighting
  1706 | D:3      | Reached skill level 5 in Throwing
  1706 | D:3      | Reached XP level 5. HP: 55/57 MP: 5/5
  1706 | D:3      | Reached XP level 6. HP: 64/66 MP: 6/6
  1964 | D:3      | Noticed a moth of wrath
  1967 | D:3      | Found a bloodstained altar of Trog.
  2193 | D:3      | Found a burning altar of Makhleb.
  2195 | D:3      | Noticed an Executioner
  3632 | D:5      | Entered Level 5 of the Dungeon
  3772 | D:5      | Reached XP level 7. HP: 69/72 MP: 7/7
  4147 | D:5      | Noticed a two-headed ogre
  4155 | D:5      | Killed a two-headed ogre
  4155 | D:5      | Reached skill level 7 in Fighting
  4155 | D:5      | Reached XP level 8. HP: 48/87 MP: 8/8
  5162 | D:6      | Reached XP level 9. HP: 96/96 MP: 9/9
  5172 | D:6      | Reached skill level 8 in Fighting
  5391 | D:6      | Learned a level 4 spell: Summon Ice Beast
  5396 | D:6      | Learned a level 4 spell: Summon Lightning Spire
  5905 | D:7      | Reached skill level 1 in Summonings
  6316 | D:7      | Found a staircase to the Ecumenical Temple.
  6326 | D:7      | Found an ornate altar of the Wu Jian Council.
  6340 | Temple   | Entered the Ecumenical Temple
  6649 | Temple   | Became a worshipper of Warmaster Okawaru
  6784 | D:7      | Reached skill level 9 in Fighting
  7373 | D:8      | Noticed a two-headed ogre
  7412 | D:8      | Slain by a two-headed ogre

Skill      XL: |  1  2  3  4  5  6  7  8  9 |
---------------+----------------------------+-----
Fighting       | 3 4 5 7 9 |  9.3
Maces & Flails | 1 3 4 6 8 |  8.4
Throwing       | 5 6 7 |  7.3
Summonings     | 2 |  2.4
Dodging        | |  1.7
Stealth        | |  0.6

Action                   |  1- 3 |  4- 6 |  7- 9 || total
-------------------------+-------+-------+-------++-------
Melee: Short sword       |    95 |       |       ||    95
       Mace              |    33 |    77 |   212 ||   322
Throw: Large rock        |     5 |     7 |    53 ||    65
       Throwing net      |       |       |     3 ||     3
       Tomahawk          |       |       |     5 ||     5
  Use: Scroll            |       |       |    13 ||    13
       Potion            |       |       |     1 ||     1
 Stab: Held in net/web   |       |       |     1 ||     1
       Sleeping          |       |       |     1 ||     1
  Eat: Chunk             |     2 |     4 |     7 ||    13
       Ration            |       |     1 |     1 ||     2
Armor: Robe              |    51 |    29 |   126 ||   206
Dodge: Dodged            |   103 |    42 |   128 ||   273
